AoeStats
← 野猪也疯狂

Arabia

507674139Analyzed
1v1 RM · 14d ago on Sep 19, 2026· 15m 48s· 2 players
Game mode
Random Map
Map size
Tiny (2 player)
Population
200
Speed
Normal
Resources
Standard
Victory
Conquest
Starting age
Dark Age
Ending age
Imperial Age
RankedLock teamsTeams togetherTeam positionsShared explorationLock speedFull tech treeHidden civsTurbo modeCheats
Victory
Defeat
🇦🇷 Mongols · Argentina
1348
+16
🇮🇳 Vietnamese · India
1349
-16
野猪也疯狂
9:26 Feudal Age
9:32 Man-at-Arms
10:05 Loom
10:13 Double-Bit Axe
14:53 Fletching
16:00 Padded Archer Armor
Niazniaz
6:18 Loom
9:15 Feudal Age
10:01 Double-Bit Axe
9:58 Horse Collar
Connection lost

Rejoining the realm…

Still unreachable

The connection could not be restored.

Session expired

The server has moved on; the page needs a fresh start.